 Dungeon Crawl Stone Soup version 0.29.1-12-g30fa7ad0bf (webtiles) character file.

Game seed: 2044053123236261629

100 hawla the Chiller (level 5, -1/38 HPs)
             Began as a Meteoran Ice Elementalist on Jan 14, 2023.
             Was an Initiate of Vehumet.
             Slain by Prince Ribbit (12 damage)
             ... on level 8 of the Dungeon.
             The game lasted 00:05:41 (625 turns).

hawla the Chiller (Meteoran Ice Elementalist)        Turns: 625, Time: 00:05:42

Health: -1/38      AC:  4    Str: 10    XL:     5   Next: 24%
Magic:  4/12       EV: 12    Int: 18    God:    Vehumet [......]
Gold:   16         SH:  0    Dex: 14    Spells: 9/13 levels left

rFire   . . .      SeeInvis .   (no weapon)
rCold   . . .      Faith    .   (no shield)
rNeg    . . .      Spirit   .   a - +0 robe
rPois   .          Reflect  .   (no helmet)
rElec   .          Harm     .   (no cloak)
rCorr   .          Rampage  .   (no gloves)
Will    .....                   e - +1 pair of boots
Stlth   +.........              (no amulet)
HPRegen 0.12/turn               (no ring)
MPRegen 0.13/turn               (no ring)

@: weak-willed, freezing walls, glowing
A: sense surroundings 1, otherworldly, glowing, explore regen
a: Renounce Religion


You were on level 8 of the Dungeon.
You worshipped Vehumet.
Vehumet was noncommittal.
You visited 2 branches of the dungeon, and saw 9 of its levels.

You collected 82 gold pieces.
You spent 66 gold pieces at shops.

Inventory:

Armour
 a - a +0 robe (worn)
 e - a +1 pair of boots (worn)
Wands
 g - a wand of flame (16)
Scrolls
 d - a scroll of magic mapping
 f - a scroll of noise
 j - a scroll of vulnerability
Potions
 b - a potion of brilliance
 c - 2 potions of curing {unknown}
 h - a potion of haste {unknown}
 i - a potion of attraction {unknown}
 k - a potion of heal wounds
 l - a potion of degeneration


   Skills:
 + Level 2.6 Dodging
 - Level 1.4 Stealth
 + Level 4.5 Spellcasting
 + Level 5.4 Ice Magic


You had 9 spell levels left.
You knew the following spells:

 Your Spells              Type           Power      Damage    Failure   Level
a - Freeze                Ice            92%        1d10      1%          1
b - Frozen Ramparts       Ice            46%        1d7       4%          3

Your spell library contained the following spells:

 Spells                   Type           Power      Damage    Failure   Level
 Ozocubu's Armour         Ice            23%        N/A       4%          3
 Hailstorm                Conj/Ice       13%        3d5       41%         4


Dungeon Overview and Level Annotations

Branches:
Dungeon (8/15) Zot: 4315   Temple (1/1) D:4 Zot: 460
   Lair: D:8-11

Altars:
Ashenzari
Cheibriados
Dithmenos
Elyvilon
Fedhas
Gozag
Hepliaklqana
Kikubaaqudgha
Makhleb
Nemelex Xobeh
Okawaru
Ru
Trog
Uskayaw
Vehumet
Xom
Yredelemnul
Zin

Shops:
D:7 !

Annotations:
D:8 Prince Ribbit


Innate Abilities, Weirdness & Mutations

You passively map a small area around you.
You are easily found by Zot.
You glow in the dark.
You regain HP and MP as you explore.


Message History

Unknown command.
Casting: Frozen Ramparts (dangerous; 4% risk of failure)
Confirm with . or Enter, or press ? or * to list all spells.
Aiming: Freeze (safe; 1% risk of failure)
Press: ? - help, Shift-Dir - straight line, f - two-headed ogre
Aim: a two-headed ogre, wielding a +0 giant club and a +0 giant spiked club (weak-willed)
You freeze the two-headed ogre!
The two-headed ogre is lightly wounded.
The wall freezes the orc.
You kill the orc!
Vehumet accepts your kill.
The wall freezes the two-headed ogre.
The two-headed ogre misses you.
The two-headed ogre hits you with a +0 giant spiked club.
Casting: Freeze (safe; 1% risk of failure)
Confirm with . or Enter, or press ? or * to list all spells.
Aiming: Freeze (safe; 1% risk of failure)
Press: ? - help, Shift-Dir - straight line, f/p - two-headed ogre
Aim: a two-headed ogre, wielding a +0 giant club and a +0 giant spiked club (moderately wounded, weak-willed)
You freeze the two-headed ogre!
The two-headed ogre is heavily wounded.
The wall freezes the centaur.
The wall freezes Prince Ribbit.
Casting: Freeze (safe; 1% risk of failure)
Confirm with . or Enter, or press ? or * to list all spells.
Aiming: Freeze (safe; 1% risk of failure)
Press: ? - help, Shift-Dir - straight line, f/p - two-headed ogre
Aim: a two-headed ogre, wielding a +0 giant club and a +0 giant spiked club (heavily wounded, weak-willed)
You freeze the two-headed ogre.
The two-headed ogre is heavily wounded.
The frozen ramparts melt away.
The two-headed ogre closely misses you. The two-headed ogre barely misses you.
Prince Ribbit hits you!
* * * LOW HITPOINT WARNING * * *
Okay, then.
Casting: Freeze (safe; 1% risk of failure)
Confirm with . or Enter, or press ? or * to list all spells.
Casting: Frozen Ramparts (dangerous; 4% risk of failure)
Press: ? - help, Dir - look around, f - activate The walls around you are covered in ice.
The wall freezes the centaur.
The wall freezes Prince Ribbit.
Prince Ribbit hits you!
You die...

*,,,<,**,,,,,*,,,,,*,********
*****,*,,,,,,,,,,,,....*,,,,*
****,,,,,.,,,,,,,,,...,,,,,,***
*,,,,,,,,..,,,,,,,...##**,,,*,**
,,,*,,,,,...,,,***....# *,,,,,,*
,,,,,***,,#..,,**#...#******,,,*
∩,,,,,***###..,,,....#.#****,,,**
,,,,,,,,*#.....##......#,**,,,,,*
,,,,,,,,*,,,,#)o@O...#,,,,,,,,,,,
,*,,,,,,,,,#...##Fc..#,,,,,,,,,,,
,*,,,,,,,,,#..,,,.#.##,*,,,,,,,,,
,*,,,,,,,,...,,,,.#,#,,*,,,,,,,,,
,,,,,,,,,...,,,,,.#,,,,,,*,,,,,,,
,,,,,,,,*##,,*,,,..,,,,,,,,,,*,,*
,,,>,******,,*,**.#,,,,,,,,,*****
,,,,,,* *,,,*,,,##,,,,**,,,,**
,,,<******,,,*,,,*,*,,,*,,*,,,*


You could see a two-headed ogre (weak-willed), Prince Ribbit, a centaur
(weak-willed) and an orc (weak-willed).

Vanquished Creatures
  An iguana (D:5)
  An orc wizard (D:5)
  2 adders
  A worm (D:2)
  A dart slug (D:2)
  4 orcs
  A ball python (D:4)
  A bat (D:2)
  2 endoplasms
  A goblin (D:4)
  A hobgoblin (D:2)
  4 jackals (D:1)
  A quokka (D:2)
  A kobold (D:2)
  3 rats
25 creatures vanquished.

Notes
Turn   | Place    | Note
-------+----------+-------------------------------------------
     0 | D:1      | hawla the Meteoran Ice Elementalist began the quest for the
                  | Orb.
     0 | D:1      | Reached XP level 1. HP: 14/14 MP: 5/5
    74 | D:1      | Reached XP level 2. HP: 7/20 MP: 3/6
    98 | D:2      | Found a faded altar of an unknown god.
   200 | D:2      | Reached XP level 3. HP: 26/26 MP: 6/8
   216 | D:2      | Reached skill level 5 in Ice Magic
   302 | D:4      | Learned a level 3 spell: Frozen Ramparts
   314 | D:4      | Found a staircase to the Ecumenical Temple.
   345 | Temple   | Entered the Ecumenical Temple
   469 | Temple   | Became a worshipper of Vehumet
   505 | D:5      | Entered Level 5 of the Dungeon
   529 | D:5      | Reached XP level 4. HP: 6/33 MP: 4/10
   534 | D:5      | Reached XP level 5. HP: 12/38 MP: 0/12
   572 | D:6      | Noticed a black bear
   587 | D:7      | Found Duadupp's Distillery.
   598 | D:7      | Bought a potion of heal wounds for 55 gold pieces
   607 | D:7      | Bought a potion of degeneration for 11 gold pieces
   616 | D:8      | Noticed a two-headed ogre
   617 | D:8      | Noticed Prince Ribbit
   618 | D:8      | Noticed a centaur
   620 | D:8      | Noticed a hornet
   621 | D:8      | Noticed a two-headed ogre
   625 | D:8      | Slain by Prince Ribbit

Illustrated notes

Levels and vault maps discovered:
D:1:      onia_arrival_mini_maze, layout_basic
D:2:      layout_rooms, dreamdust_ecumenical_altar_statues
D:3:      layout_basic, st_stairs_1
D:4:      layout_basic, mainiacjoe_overflow_alcove_1, minmay_temple_entry_ruins
D:5:      layout_rooms, minmay_fire_ice_demons
D:6:      layout_rooms, serial_shops, shop, uniq_edmund
D:7:      layout_rooms, led_sif_book, kennysheep_mini, serial_shops,
          nicolae_diamond_shop, minmay_lizard_king
D:8:      layout_cave_pools, mainiacjoe_overflow_boulevard, enter_bailey_2,
          kennysheep_generic_room_9, uniq_pikel, uniq_prince_ribbit1, uniq_erica
Temple:   regret_index_temple_chain_breaker

Skill      XL: |  1  2  3  4 |
---------------+-------------+-----
Spellcasting   | 3 4 |  4.5
Ice Magic      | 5 |  5.4
Dodging        | |  2.6
Stealth        | |  1.4

Action                   |  1- 3 |  4- 6 || total
-------------------------+-------+-------++-------
Melee: Unarmed           |     2 |     3 ||     5
 Cast: Freeze            |    32 |     5 ||    37
       Frozen Ramparts   |     3 |     4 ||     7
  Use: Potion            |     1 |     1 ||     2
       Scroll            |     2 |     3 ||     5
Armor: Robe              |     6 |       ||     6
       Skin              |       |     3 ||     3
Dodge: Dodged            |    17 |     5 ||    22
